 Dungeon Crawl Stone Soup version 0.28-a0-514-g0d7ab7f379 (webtiles) character file.

Game seed: 6378419984150351269

57 Leszczynek the Chopper (level 4, 0/33 HPs)
             Began as a Human Gladiator on Sept 22, 2021.
             Was a Follower of Nemelex Xobeh.
             Slain by an orc priest (9 damage)
             ... on level 3 of the Dungeon.
             The game lasted 00:05:54 (608 turns).

Leszczynek the Chopper (Human Gladiator)             Turns: 608, Time: 00:05:54

Health: 0/33       AC:  6    Str: 15    XL:     4   Next: 18%
Magic:  4/4        EV: 11    Int:  8    God:    Nemelex Xobeh [*.....]
Gold:   24         SH:  0    Dex: 15    Spells: 3/3 levels left

rFire   . . .      SeeInvis .   a - +0 war axe
rCold   . . .      Faith    .   (no shield)
rNeg    . . .      Spirit   .   f - +0 ring mail
rPois   .          Reflect  .   c - +0 helmet
rElec   .          Harm     .   (no cloak)
rCorr   .          Rampage  .   (no gloves)
Will    .....                   (no boots)
Stlth   +.........              (no amulet)
HPRegen 0.11/turn               (no ring)
MPRegen 0.09/turn               (no ring)

@: no status effects
A: no striking features
a: Renounce Religion, Draw Escape, Draw Destruction, Draw Summoning


You were on level 3 of the Dungeon.
You worshipped Nemelex Xobeh.
Nemelex Xobeh was aware of your devotion.
You visited 1 branch of the dungeon, and saw 4 of its levels.

You collected 24 gold pieces.

Inventory:

Hand Weapons
 a - a +0 war axe (weapon)
Missiles
 b - 4 boomerangs
 d - 3 throwing nets (quivered)
Armour
 c - a +0 helmet (worn)
 f - a +0 ring mail (worn)
 h - a +0 plate armour
Scrolls
 e - a scroll of blinking {unknown}
 j - a scroll of noise {unknown}
Potions
 g - a potion of flight {unknown}
 i - a potion of resistance {unknown}


   Skills:
 + Level 2.0 Fighting
 * Level 4.7 Axes
 - Level 2.0 Throwing
 - Level 3.0 Dodging
 + Level 0.0 Invocations


You had 3 spell levels left.
You didn't know any spells.
Your spell library was empty.

Dungeon Overview and Level Annotations

Branches:
Dungeon (4/15)
 Temple: D:4-7

Altars:
Nemelex Xobeh

Annotations:
D:2 Sigmund


Message History

t - Shout!
Orders for allies: a - Attack new target. r - Retreat! s - Stop attacking. g - Guard the area. f - Follow me.
Anything else - Cancel.
Gang up on whom?
Press: ? - help, Dir - move target, f - orc
Aim: an orc, wielding a +0 flail and wearing a +0 leather armour (ally target) Attack!
Your killer bee stings the orc.
The orc is poisoned.
Your killer bee poisons the orc!
Your killer bee barely misses the orc.
The orc barely misses your killer bee. The orc closely misses you.
The orc hits you with a +0 flail.
The orc priest hits you but does no damage.
The orc priest barely misses your killer bee.
What are your orders? t - Shout!
Orders for allies: a - Attack new target. p - Attack previous target. r - Retreat! s - Stop attacking. g - Guard the area. f - Follow me.
Anything else - Cancel.
Gang up on whom?
Press: ? - help, Dir - move target, f - orc priest, p - orc
Aim: an orc priest, wielding a +0 war axe Attack!
Your killer bee stings the orc priest.
The orc priest is poisoned.
Your killer bee poisons the orc priest!
Your killer bee barely misses the orc priest.
The orc barely misses your killer bee. The orc hits you with a +0 hand axe.
The orc closely misses you. The orc priest barely misses you.
The orc priest closely misses your killer bee.
You slash the orc priest!
The orc priest is severely wounded.
You slash the orc!
You kill the orc!
You closely miss the orc.
Your killer bee closely misses the orc priest.
Your killer bee barely misses the orc priest.
The orc closely misses you. The orc misses your killer bee.
The orc priest hits you with a +0 war axe!
You die...
Your body disappears without a glow.

# .. ####### ####. #.
......#### ## #.....#.
.......... .. .......>
......#### .######
#.....## .......# .....#
#.... .......###
###....# #... .....<...#
#<.)oo.# #..
...)..##.#######@y.####
##
...>...................#
###.........####........
#.........# #.(......
#.........# #........
#.........# #........
#.........# #........
#.........# #########
#.........#


You could see an orc priest (poisoned, ally target), an orc (poisoned) and a
friendly killer bee (summoned).

Vanquished Creatures
  Jessica (D:2)
  A worm (D:2)
  A dart slug (D:1)
  An orc (D:3)
  An endoplasm (D:1)
  2 giant cockroaches (D:3)
  A goblin (D:1)
  2 hobgoblins
  6 jackals
  3 kobolds
  2 quokkas
  2 ball pythons
23 creatures vanquished.

Notes
Turn   | Place    | Note
-------+----------+-------------------------------------------
     0 | D:1      | Leszczynek the Human Gladiator began the quest for the Orb.
     0 | D:1      | Reached XP level 1. HP: 16/16 MP: 1/1
   109 | D:1      | Reached XP level 2. HP: 20/22 MP: 2/2
   174 | D:1      | Found a faded altar of an unknown god.
   206 | D:1      | Became a worshipper of Nemelex Xobeh the Trickster
   206 | D:1      | Reached * piety under Nemelex Xobeh
   206 | D:1      | Received a gift from Nemelex Xobeh
   207 | D:1      | welllllll
   284 | D:2      | Reached skill level 4 in Axes
   284 | D:2      | Reached XP level 3. HP: 14/27 MP: 3/3
   296 | D:2      | Noticed Sigmund
   371 | D:2      | Noticed Jessica
   383 | D:2      | Killed Jessica
   390 | D:2      | Reached XP level 4. HP: 17/33 MP: 4/4
   493 | D:3      | XD
   608 | D:3      | Slain by an orc priest

Illustrated notes

...# ###.### #.....#
######
###.....###....#
#..>...........#
#.#.....###.#### #
#.#......##.#
####.#.#
.###.##.##.###P...8.+
..#.##.#####.@P#
#.#†##.'.8P..P##
##.#.####.#.####
###....# #.#...#
....#..# #.###'#
###...## #.[...#
####.## #######
.....# ###..#######.


Turn 207 on D:1: welllllll #.........## #.....$.... #..$......## #..........#
#..........### #........<... #.....BKB.##.## #......@....... #######........
#........ #........ #........ #........ #......?. #........ Turn 493 on D:3: XD

Levels and vault maps discovered:
D:1:      lemuel_arrival_hallway, layout_loops_ring,
          shapermc_ecumenical_altar_ellora, chequers_jeans
D:2:      layout_loops_ring, kennysheep_generic_room_8, uniq_sigmund,
          uniq_jessica
D:3:      layout_basic, dk_yredelemnul_ordeal,
          gammafunk_temple_overflow_elements
D:4:      layout_rooms, uniq_menkaure

Skill      XL: |  1  2 |
---------------+-------+-----
Axes           | 4 |  4.7
Fighting       | |  2.0
Throwing       | |  2.0
Dodging        | |  3.0

Action                   |  1- 3 |  4- 6 || total
-------------------------+-------+-------++-------
Melee: War axe           |    77 |    17 ||    94
Invok: Draw Escape       |       |     1 ||     1
       Draw Destruction  |       |     1 ||     1
       Draw Summoning    |       |     1 ||     1
Armor: Ring mail         |    35 |    16 ||    51
       Leather armour    |     1 |       ||     1
Dodge: Dodged            |    54 |    32 ||    86

Table legend: (Time is in decaauts)
 A = Elapsed time spent in this place.
 B = Non-inter-level travel time spent in this place.
 C = Inter-level travel time spent in this place.
 D = Time resting spent in this place.
 E = Time spent auto-exploring this place.
 F = Levels seen in this place.
 G = Mean time per level.
                   A        B        C        D        E       F      G
               +--------+--------+--------+--------+--------+-----+--------+
         Total |    651 |    589 |     62 |      0 |      0 |   4 |  162.8 |
       Dungeon |    651 |    589 |     62 |      0 |      0 |   4 |  162.8 |
               +--------+--------+--------+--------+--------+-----+--------+

Top non-repeatable levels by time:
     D:1: 280 daAuts
     D:2: 225 daAuts
     D:3: 141 daAuts
     D:4: 3 daAuts
